 Dungeon Crawl Stone Soup version 0.29.1-4-g47bece8355 (webtiles) character file.

Game seed: 17675422331770124057

281 venomsnake the Trooper (level 6, -9/82 HPs)
             Began as a Minotaur Berserker on Dec 9, 2022.
             Was a Believer of Trog.
             Mangled by a hornet (11 damage)
             ... on level 5 of the Dungeon on Dec 10, 2022.
             The game lasted 00:10:16 (3923 turns).

venomsnake the Trooper (Minotaur Berserker)         Turns: 3923, Time: 00:10:17

Health: -9/82      AC:  7    Str: 23    XL:     6   Next: 6%
Magic:  5/5        EV: 10    Int:  4    God:    Trog [**....]
Gold:   192        SH:  3    Dex: 10    Spells: 5/5 levels left

rFire   + . .      SeeInvis .   b - +0 war axe
rCold   . . .      Faith    +   s - +0 buckler
rNeg    . . .      Spirit   .   v - +0 scale mail
rPois   .          Reflect  .   (helmet restricted)
rElec   .          Harm     .   (no cloak)
rCorr   .          Rampage  .   (no gloves)
Will    .....                   (no boots)
Stlth   ..........              m - amulet of faith
HPRegen 0.23/turn               o - ring of protection from fire
MPRegen 0.09/turn               (no ring)

@: berserking, lethally poisoned (-9 -> -14), slowed
A: horns 2, retaliatory headbutt
a: Renounce Religion, Berserk, Trog's Hand


You were on level 5 of the Dungeon.
You worshipped Trog.
Trog was pleased with you.
You visited 1 branch of the dungeon, and saw 5 of its levels.

You collected 192 gold pieces.

Inventory:

Hand Weapons
 a - a +0 hand axe
 b - a +0 war axe (weapon)
Missiles
 p - 41 stones (quivered)
Armour
 s - a +0 buckler (worn)
 v - a +0 scale mail (worn)
Jewellery
 m - an amulet of faith (around neck)
 o - a ring of protection from fire (left hand)
 w - a +4 ring of evasion
Wands
 x - a wand of paralysis (5)
Scrolls
 f - a scroll of enchant armour {unknown}
 h - 2 scrolls of blinking {unknown}
 i - 2 scrolls of enchant weapon {unknown}
 j - a scroll of torment {unknown}
 k - 2 scrolls of teleportation {unknown}
 l - 4 scrolls of identify {unknown}
 r - a scroll of immolation {unknown}
 u - 3 scrolls of fear {unknown}
Potions
 c - a potion of brilliance {unknown}
 d - 2 potions of heal wounds {unknown}
 e - 2 potions of curing {unknown}
 g - a potion of attraction {unknown}
 n - 2 potions of invisibility {unknown}
 q - a potion of berserk rage {unknown}
 t - a potion of mutation {unknown}
 z - a potion of flight {unknown}


   Skills:
 + Level 4.9 Fighting
 + Level 4.9 Axes
 + Level 4.0 Armour
 + Level 3.6 Dodging
 + Level 2.1 Evocations


You had 5 spell levels left.
You didn't know any spells.
Your spell library was empty.

Dungeon Overview and Level Annotations

Branches:
Dungeon (5/15)
 Temple: D:4-7

Altars:
Hepliaklqana
Sif Muna


Innate Abilities, Weirdness & Mutations

You have a pair of horns on your head.
You reflexively headbutt those who attack you in melee.


Message History

You hit the hornet but do no damage.
The hornet is moderately wounded.
The hornet barely misses you. The hornet misses you.
You closely miss the hornet.
The hornet is moderately wounded.
You feel yourself speed up. The hornet stings you!
You are poisoned.
You feel yourself slow down. The hornet barely misses you. x2
You slash the hornet!
The hornet is severely wounded.
You feel very sick. The hornet closely misses you. The hornet stings you!
* * * LOW HITPOINT WARNING * * *
You feel as though you will be slow longer.
The hornet stings you but does no damage.
A red film seems to cover your vision as you go berserk!
You feel yourself moving faster!
You feel mighty!
You feel sick. The hornet closely misses you. The hornet stings you!
* * * LOW HITPOINT WARNING * * *
You are lethally poisoned!
You feel as though you will be slow longer.
You slash the hornet!
The hornet is almost dead.
* * * LOW HITPOINT WARNING * * *
You feel very sick. The hornet stings you.
* * * LOW HITPOINT WARNING * * *
You feel as though you will be slow longer.
The hornet barely misses you. x2
You miss the hornet.
The hornet is almost dead.
* * * LOW HITPOINT WARNING * * *
You feel very sick.
The hornet stings you but does no damage.
You barely miss the hornet. Your headbutt misses the hornet.
The hornet is almost dead.
* * * LOW HITPOINT WARNING * * *
You feel sick. The hornet barely misses you. The hornet stings you!
You die...

#.... .## ####...# #..
......# #.# .....# #.#
#...# #.# #...# #.#
#.####...####.#
..............##
...#.#..y@...<.#######
##$##.######........
.#.#...#.# #########
.....y...# ####...###
####


You could see a hornet.

Vanquished Creatures
  A phantom (D:5)
  2 hounds (D:4)
  Jessica (D:2)
  Ijyb (D:4)
  Robin (D:4)
  An adder (D:4)
  A dart slug (D:2)
  A worm (D:3)
  2 orcs
  7 endoplasms
  5 giant cockroaches
  11 goblins
  8 hobgoblins
  4 jackals (D:1)
  5 kobolds
  3 quokkas
  3 ball pythons
  5 bats
  2 frilled lizards (D:1)
  4 rats
68 creatures vanquished.

Notes
Turn   | Place    | Note
-------+----------+-------------------------------------------
     0 | D:1      | venomsnake the Minotaur Berserker began the quest for the
                  | Orb.
     0 | D:1      | Reached XP level 1. HP: 19/19 MP: 0/0
    54 | D:1      | Reached XP level 2. HP: 19/27 MP: 1/1
   559 | D:1      | Reached ** piety under Trog
   725 | D:1      | Reached XP level 3. HP: 29/33 MP: 2/2
  1156 | D:2      | Noticed Jessica
  1167 | D:2      | Killed Jessica
  1168 | D:2      | Reached skill level 1 in Evocations
  1550 | D:2      | Reached XP level 4. HP: 39/40 MP: 3/3
  1616 | D:2      | Found a faded altar of an unknown god.
  2660 | D:4      | Noticed Robin
  2679 | D:4      | Killed Robin
  3267 | D:4      | Found a hazy altar of Hepliaklqana.
  3273 | D:4      | Reached XP level 5. HP: 47/47 MP: 4/4
  3316 | D:4      | Noticed Ijyb
  3321 | D:4      | Paralysed by Ijyb for 3 turns
  3328 | D:4      | Paralysed by Ijyb for 2 turns
  3333 | D:4      | Killed Ijyb
  3456 | D:4      | Found a shimmering blue altar of Sif Muna.
  3882 | D:5      | Entered Level 5 of the Dungeon
  3887 | D:5      | Noticed a phantom
  3896 | D:5      | Killed a phantom
  3897 | D:5      | Reached XP level 6. HP: 55/55 MP: 5/5
  3909 | D:5      | Noticed a hornet
  3922 | D:5      | HP: 4/82 [poisoned by a hornet]
  3923 | D:5      | Mangled by a hornet

Illustrated notes

Levels and vault maps discovered:
D:1:      saegor_arrival_miasma, layout_basic, minmay_indecisive_spiral
D:2:      layout_rooms, shapermc_ecumenical_altar_hornbeckon,
          minmay_misc_feat_secret_circle, uniq_jessica
D:3:      layout_loops_cross
D:4:      layout_basic, lemuel_blue_sif_altar,
          mainiacjoe_overflow_cross_hatched, portal_sewer_entry_d, uniq_ijyb,
          uniq_robin
D:5:      layout_loops_ring, grunt_temple_overflow_forces_of_nature,
          uniq_edmund, uniq_grinder, uniq_sigmund

Skill      XL: |  1  2  3  4  5 |
---------------+----------------+-----
Fighting       | 4 |  4.9
Axes           | 4 |  4.9
Armour         | 3 4 |  4.0
Evocations     | 1 2 |  2.1
Dodging        | 3 |  3.6

Action                   |  1- 3 |  4- 6 || total
-------------------------+-------+-------++-------
Melee: Hand axe          |    78 |    23 ||   101
       Headbutt          |    10 |    10 ||    20
       Punch             |     1 |       ||     1
       War axe           |       |    61 ||    61
Invok: Berserk           |       |     1 ||     1
Armor: Ring mail         |    36 |     7 ||    43
       Scale mail        |       |    20 ||    20
Dodge: Dodged            |    64 |    48 ||   112
Block: Buckler           |       |    12 ||    12
